 Dungeon Crawl Stone Soup version 0.19.0-2-gae57169 (webtiles) character file.

7186 Kullungy the Basher (level 10, -37/93 HPs)
             Began as a Minotaur Fighter on Nov 4, 2016.
             Was a Priest of the Shining One.
             Annihilated by an orc warlord
             ... wielding a +3 bardiche
              (52 damage)
             ... in a bailey.
             The game lasted 00:50:12 (7288 turns).

Kullungy the Basher (Minotaur Fighter)              Turns: 7288, Time: 00:50:14

Health: -37/93     AC: 19    Str: 23    XL:     10   Next: 87%
Magic:  9/9        EV: 10    Int:  9    God:    the Shining One [***...]
Gold:   282        SH: 18    Dex: 14    Spells: 1 memorised, 8 levels left

rFire  . . .     SeeInvis +     L - +1 flail (protect)
rCold  . . .     Gourm    .     d - +3 ring mail
rNeg   + + .     Faith    +     i - +0 large shield
rPois  .         Spirit   .     (helmet restricted)
rElec  .         Reflect  .     (no cloak)
rCorr  .         Harm     .     (no gloves)
MR     .....                    O - +1 pair of boots
Stlth  +.........               c - amulet of faith
                                Z - ring "Cuantat" {rN+ Int+4 Dex+3}
                                q - ring of see invisible

@: protection aura, very slightly contaminated, glowing
A: retaliatory headbutt, horns 2
a: Divine Shield, Renounce Religion


You were in a bailey.
You worshipped the Shining One.
The Shining One was most pleased with you.
You were very full.

You visited 2 branches of the dungeon, and saw 10 of its levels.
You also visited: Bailey.

You collected 476 gold pieces.
You spent 165 gold pieces at shops.
You donated 29 gold pieces to Zin.

Inventory:

Hand Weapons
 a - a +3 mace
 e - a +0 shortbow
 A - a cursed -3 hunting sling
 I - a +0 hunting sling
 L - a +1 flail of protection (weapon)
 Y - a cursed +0 dire flail
Missiles
 f - 166 arrows
 g - 118 bolts
 h - 378 stones (quivered)
 x - 50 sling bullets
Armour
 d - a +3 ring mail (worn)
 i - a +0 large shield (worn)
 F - a +1 chain mail
 O - a +1 pair of boots (worn)
Jewellery
 c - an amulet of faith (around neck)
 q - a ring of see invisible (left hand)
 P - an uncursed ring of protection from cold
 T - an uncursed ring of resist corrosion
 Z - the ring "Cuantat" (right hand) {rN+ Int+4 Dex+3}
   (You found it on level 8 of the Dungeon)

   [ring of dexterity]

   It affects your intelligence (+4).
   It affects your dexterity (+3).
   It protects you from negative energy.
Wands
 b - a wand of confusion (16/48)
 p - a wand of flame (9/48)
 r - a wand of flame (29/48)
 z - a wand of iceblast (8/15)
 G - a wand of digging (24/24)
 K - a wand of polymorph (13/24)
 R - a wand of flame (7/48)
Scrolls
 j - a scroll of enchant armour
 l - a scroll of blinking {unknown}
 m - a scroll of fear
 n - 4 scrolls of remove curse
 v - a scroll of amnesia
 y - a scroll of recharging
 C - a scroll of enchant weapon
 J - 6 scrolls of teleportation
Potions
 k - a potion of mutation
 o - 4 potions of haste
 s - a potion of lignification
 E - 2 potions of brilliance
 H - a potion of degeneration {unknown}
 V - 3 potions of curing
 W - a potion of heal wounds
 X - a potion of berserk rage {unknown}
Comestibles
 t - 2 beef jerkies
 w - 2 slices of pizza
 B - 3 chunks of flesh
 D - 18 fruits
 M - 7 bread rations


   Skills:
 * Level 10.1 Fighting
 + Level 11.5 Maces & Flails
 + Level 8.0 Armour
 + Level 3.3 Dodging
 - Level 0.1 Stealth
 + Level 11.2 Shields


You had 8 spell levels left.
You knew the following spells:

 Your Spells              Type           Power        Failure   Level  Hunger
a - Flame Tongue          Conj/Fire      #....        100%        1    ##.....


Dungeon Overview and Level Annotations

Branches:
Dungeon (9/15)             Temple (1/1) D:6
   Lair: D:8-11         Orc: D:9-12

Altars:
Ashenzari
Cheibriados
Dithmenos
Elyvilon
Fedhas
Gozag
Hepliaklqana
Kikubaaqudgha
Makhleb
Nemelex Xobeh
Okawaru
Qazlal
Ru
Sif Muna
Trog
Uskayaw
Vehumet
Xom
Yredelemnul
Zin
The Shining One

Shops:
D:7 !   D:9 %


Innate Abilities, Weirdness & Mutations

You reflexively headbutt those who attack you in melee.
You have a pair of horns on your head.


Message History

You feel yourself slow down.
The orc warrior no longer looks unusually strong.
You block the orc warrior's attack.
You hit the orc warrior.
Your weapon exudes an aura of protection.
Your headbutt misses the orc warrior.
The orc warrior is heavily wounded.
The orc warlord roars a battlecry!
The orc warrior goes into a battle-frenzy!
You hit the orc warrior. Your headbutt misses the orc warrior.
The orc warrior is severely wounded.
The orc warrior hits you with a war axe!!
* * * LOW HITPOINT WARNING * * *
You hit the orc warrior. Your headbutt misses the orc warrior.
The orc warrior is severely wounded.
You block the orc warrior's attack. You block the orc warrior's attack.
The orc warlord hits you from afar with an enchanted bardiche!!!
Ouch! That really hurt!
You die...

♣♣♣♣♣♣ ### ♣.♣..♣♣♣
###.#+#
♣....♣.♣###.....###
♣♣......##.........##
♣.......#...........# .
♣.......'...........#
♣..∩.∩.)))....⌠.....#
♣♣......)')..........#
♣........#)..).@.....#
♣♣.......##.....o...###
♣♣......♣###...oo###.###
## ♣♣♣.♣♣♣♣
###.#)#.....### ###. ♣♣♣
###oo)......###...
#...........#....
#...........#....
#.....⌠....)#....
#.........)))...o


You could see an orc warlord, an orc knight, an orc warrior and 2 orcs.

Vanquished Creatures
  The ghost of feelmyfire the Basher, a novice MiFi of Okawaru (Bailey)
  The ghost of feelmyfire the Basher, a novice MiFi of Okawaru (D:6)
  A two-headed ogre (D:9)
  A slime creature (D:7)
  A spriggan (D:7)
  3 yaks (D:9)
  A hungry ghost (D:9)
  A water moccasin (D:8)
  8 orc warriors (Bailey)
  A sky beast (D:7)
  A black bear (D:5)
  4 ice beasts
  4 ogres
  3 centaurs
  A crocodile (D:9)
  2 big kobolds (D:9)
  4 bullfrogs
  3 scorpions
  4 killer bees (D:7)
  2 howler monkeys (D:8)
  10 wights
  2 crimson imps
  9 hounds
  11 jellies
  2 orc priests (D:3)
  2 bullfrog skeletons (D:9)
  2 centaur skeletons
  3 bullfrog zombies
  5 iguanas
  Ijyb (D:2)
  2 orc wizards
  5 worker ants
  A hound zombie (D:5)
  Robin (D:2)
  13 gnolls
  12 adders
  A howler monkey skeleton (D:8)
  2 shadow imps
  9 oozes
  An adder skeleton (D:8)
  5 worms
  3 dart slugs
  7 leopard geckos
  27 orcs
  3 giant cockroaches
  19 hobgoblins
  6 jackals
  7 quokkas
  14 bats
  3 frilled lizards
  30 goblins
  9 kobolds (D:9)
  A leopard gecko zombie (D:5)
  A quokka skeleton (D:6)
  A quokka zombie (D:6)
  5 rats
  2 fungi (D:3)
284 creatures vanquished.

Vanquished Creatures (others)
  4 fungi (D:7)
4 creatures vanquished.

Grand Total: 288 creatures vanquished

Notes
Turn   | Place    | Note
-------+----------+-------------------------------------------
     0 | D:1      | Kullungy the Minotaur Fighter began the quest for the Orb.
     0 | D:1      | Reached XP level 1. HP: 19/19 MP: 0/0
   245 | D:1      | Reached XP level 2. HP: 24/27 MP: 1/1
   605 | D:2      | Reached XP level 3. HP: 16/33 MP: 2/2
   628 | D:2      | Noticed Ijyb
   639 | D:2      | Killed Ijyb
   885 | D:2      | Reached skill level 1 in Dodging
   885 | D:2      | Reached XP level 4. HP: 40/40 MP: 3/3
  1150 | D:2      | Noticed Robin
  1187 | D:2      | Reached XP level 5. HP: 22/46 MP: 4/4
  1203 | D:2      | Killed Robin
  1687 | D:3      | Reached skill level 5 in Shields
  1817 | D:3      | Reached skill level 5 in Armour
  2024 | D:3      | Reached XP level 6. HP: 52/52 MP: 5/5
  2101 | D:3      | Found an opulent altar of Gozag.
  2730 | D:4      | Reached skill level 5 in Maces & Flails
  2766 | D:4      | Found a blossoming altar of Fedhas.
  2887 | D:4      | Found a glowing silver altar of Zin.
  3027 | D:5      | Entered Level 5 of the Dungeon
  3035 | D:5      | Reached XP level 7. HP: 47/60 MP: 6/6
  3103 | D:5      | Found a basalt altar of Yredelemnul.
  3443 | D:5      | Reached skill level 5 in Fighting
  3731 | D:6      | Found a staircase to the Ecumenical Temple.
  3754 | Temple   | Entered the Ecumenical Temple
  3963 | D:4      | Became a worshipper of Zin the Law-Giver
  3963 | D:4      | Reached * piety under Zin
  4119 | D:6      | Reached XP level 8. HP: 65/68 MP: 7/7
  4242 | D:6      | Noticed feelmyfire's ghost (novice MiFi)
  4279 | D:6      | Killed feelmyfire's ghost
  4527 | D:6      | Found a glowing golden altar of the Shining One.
  4535 | D:6      | Fell from the grace of Zin
  4535 | D:6      | Became a worshipper of the Shining One
  4581 | D:6      | Found a bloodstained altar of Trog.
  4721 | D:7      | Reached * piety under the Shining One
  4726 | D:7      | Reached XP level 9. HP: 64/78 MP: 8/8
  4910 | D:7      | Found Rachiac's Distillery.
  4935 | D:7      | Bought a potion of curing for 45 gold pieces
  4935 | D:7      | Bought a potion of heal wounds for 75 gold pieces
  4935 | D:7      | Bought a potion of curing for 45 gold pieces
  5525 | D:8      | Got a glittering lead ring
  5555 | D:8      | Identified the ring "Cuantat" {rN+ Int+4 Dex+3} (You found it on level 8 of the Dungeon)
  5593 | D:8      | Reached ** piety under the Shining One
  5705 | D:8      | Reached skill level 10 in Shields
  5984 | D:8      | Reached skill level 10 in Maces & Flails
  6024 | D:8      | Reached XP level 10. HP: 90/90 MP: 9/9
  6099 | D:8      | Learned a level 1 spell: Flame Tongue
  6371 | D:9      | Found Qegux Ysitt's Food Emporium.
  6931 | D:9      | Found a flagged portal.
  6953 | Bailey   | Entered a bailey
  6963 | Bailey   | Noticed feelmyfire's ghost (novice MiFi)
  6992 | Bailey   | Killed feelmyfire's ghost
  7150 | Bailey   | Reached skill level 10 in Fighting
  7190 | Bailey   | Reached *** piety under the Shining One
  7209 | Bailey   | Noticed an orc warlord
  7216 | Bailey   | Noticed an orc knight
  7288 | Bailey   | Annihilated by an orc warlord

Skill      XL: |  1  2  3  4  5  6  7  8  9 10 |
---------------+-------------------------------+-----
Shields        | 4 5 6 7 8 10 11 | 11.2
Armour         | 4 5 6 7 8 |  8.0
Fighting       | 4 5 6 8 10 | 10.1
Maces & Flails | 3 4 5 6 8 10 11 | 11.5
Dodging        | 1 2 3 |  3.3
Stealth        | |  0.1

Action                   |  1- 3 |  4- 6 |  7- 9 | 10-12 || total
-------------------------+-------+-------+-------+-------++-------
Melee: Flail             |    90 |   237 |   341 |   232 ||   900
       Headbutt          |    12 |    41 |    82 |    43 ||   178
Invok: Divine Shield     |       |       |       |     2 ||     2
Evoke: Wand              |       |       |       |     2 ||     2
  Use: Scroll            |       |     9 |     5 |     4 ||    18
       Potion            |       |     1 |     3 |     5 ||     9
  Eat: Bread ration      |     1 |     1 |     1 |     1 ||     4
       Fruit             |       |     1 |     1 |       ||     2
       Meat ration       |       |       |     1 |     1 ||     2
       Pizza             |       |       |     1 |       ||     1
Armor: Scale mail        |    52 |    37 |       |       ||    89
       Chain mail        |       |    68 |   120 |    72 ||   260
       Ring mail         |       |       |       |     3 ||     3
Dodge: Dodged            |    36 |    49 |    47 |    43 ||   175
Block: Shield            |    60 |    64 |       |       ||   124
       Large shield      |       |    95 |   303 |   264 ||   662
